 Seeded DCSS version 0.27-a0-1158-gaa87e14f67 (webtiles) character file.

Game seed: 6919691055512990457 (custom seed)

16 donath the Skirmisher (level 2, 0/16 HPs)
             Began as an Octopode Abyssal Knight on May 16, 2021.
             Was a Follower of Lugonu.
             Slain by a frilled lizard (2 damage)
             ... on level 1 of the Dungeon.
             The game lasted 00:05:13 (443 turns).

donath the Skirmisher (Octopode Abyssal Knight)      Turns: 443, Time: 00:05:14

Health: 0/16       AC:  1    Str: 11    XL:     2   Next: 54%
Magic:  3/3        EV: 13    Int: 14    God:    Lugonu [*.....]
Gold:   30         SH:  0    Dex:  7    Spells: 1/1 levels left

rFire    . . .     SeeInvis .     - Unarmed
rCold    . . .     Faith    .   (no shield)
rNeg     . . .     Spirit   .   (helmet restricted)
rPois    .         Reflect  .   (no amulet)
rElec    .         Harm     .   (no ring)
rCorr    .         Rampage  .   (no ring)
Will     .....                  (no ring)
Stlth    ++........             (no ring)
HPRegen  0.05/turn              (no ring)
MPRegen  0.08/turn              (no ring)
                                (no ring)
                                (no ring)

@: unable to read
A: almost no armour, amphibious, 8 rings, camouflage 1, gelatinous body 1,
(nimble swimmer 1), tentacles, [clumsy 2], [frail 2], [screaming 2], [inability
to read while threatened]
a: Renounce Religion, Depart the Abyss


You were on level 1 of the Dungeon.
You worshipped Lugonu.
Lugonu was aware of your devotion.
You visited 1 branch of the dungeon, and saw 1 of its levels.
You visited the Abyss 1 time.

You collected 30 gold pieces.

Inventory:

Missiles
 a - 31 stones (quivered)
 b - 23 arrows
Jewellery
 c - a ring of fire


   Skills:
 + Level 3.4 Fighting
 * Level 0.6 Throwing
 - Level 2.3 Dodging
 * Level 2.3 Unarmed Combat
 - Level 2.0 Invocations


You had one spell level left.
You didn't know any spells.
Your spell library was empty.

Dungeon Overview and Level Annotations

Branches:
Dungeon (1/15)

Altars:


Innate Abilities, Weirdness & Mutations

You cannot wear most types of armour.
You are amphibious.
You can wear up to eight rings at the same time.
Your skin changes colour to match your surroundings (Stealth+).
Your rubbery body absorbs attacks. (AC +1, EV +1)
((You are camouflaged near water. (Stealth+)))
You have tentacles for arms and can constrict up to eight enemies at once.
[You are very clumsy. (Dex -4)]
[You are very frail. (-20% HP)]
[You frequently scream uncontrollably at your foes.]
[You sometimes lose the ability to read scrolls when taking damage.]


Message History

You feel threatened and lose the ability to read scrolls!
* * * LOW HITPOINT WARNING * * *
You barely miss the quokka. Your grab misses the quokka.
Your squeeze misses the quokka.
The quokka is heavily wounded.
The quokka completely misses you.
You tentacle-slap the quokka.
You kill the quokka!
Lugonu accepts your kill.
You can read scrolls again.
Things that are here:
a stone; 14 gold pieces Throw: 33 stones
Press: ? - help, Q - select action, (/) - cycle Shift-Dir - straight line, f - frilled lizard
Aim: a frilled lizard (29% to hit)
You throw a stone.
The stone closely misses the frilled lizard.
Throw: 32 stones
Press: ? - help, Q - select action, (/) - cycle Shift-Dir - straight line, f/p - frilled lizard
Aim: a frilled lizard (29% to hit)
You throw a stone.
The stone hits the frilled lizard but does no damage.
The frilled lizard bites you.
You feel threatened and lose the ability to read scrolls!
* * * LOW HITPOINT WARNING * * *
You tentacle-slap the frilled lizard. Your grab misses the frilled lizard.
The frilled lizard is heavily wounded.
You can read scrolls again.
The frilled lizard unfolds its giant frill.
The frilled lizard barely misses you.
You miss the frilled lizard. Your grab misses the frilled lizard.
The frilled lizard is heavily wounded.
You closely miss the frilled lizard. Your grab misses the frilled lizard.
The frilled lizard is heavily wounded.
The frilled lizard barely misses you.
You closely miss the frilled lizard. Your grab misses the frilled lizard.
The frilled lizard is heavily wounded.
The frilled lizard bites you.
You feel threatened and lose the ability to read scrolls!
You die...

##... #..# ..#
#..# ###### ###
#..# #....#
.[######... .....#
#.†...##..# #....#
###....#..#
#...(####
##..^..#..#
.......#
..........####
#.(....#
####..#......#
#@.....#
##.#......#
#l######
#.....)..###(#
##.#††....##[###
#.#(...(..(...###
#.#..l............
#.##(####.....####
#.. #..(..# ##.
#.....#


You could see a frilled lizard.

Vanquished Creatures
  A dart slug (D:1)
  An endoplasm (D:1)
  3 goblins (D:1)
  4 hobgoblins (D:1)
  A quokka (D:1)
  A frilled lizard (D:1)
11 creatures vanquished.

Notes
Turn   | Place    | Note
-------+----------+-------------------------------------------
     0 | Abyss:1  | donath the Octopode Abyssal Knight began the quest for the
                  | Orb.
     0 | Abyss:1  | Reached XP level 1. HP: 16/16 MP: 2/2
    22 | Abyss:1  | Noticed a tentacled starspawn
    34 | Abyss:1  | Noticed a cacodemon
    48 | Abyss:1  | Found a corrupted altar of Lugonu.
   114 | Abyss:1  | Noticed a small abomination
   129 | Abyss:1  | Noticed a large abomination
   133 | Abyss:1  | Noticed a ynoxinul
   148 | Abyss:1  | Noticed a mana viper
   149 | Abyss:1  | Noticed a wretched star
   160 | D:1      | Escaped the Abyss
   363 | D:1      | Reached * piety under Lugonu
   364 | D:1      | Reached XP level 2. HP: 16/16 MP: 3/3
   443 | D:1      | Slain by a frilled lizard

Illustrated notes

Levels and vault maps discovered:
D:1:      dpeg_arrival_arbitrary_a, layout_basic

Action                   || total
-------------------------++-------
Melee: Unarmed           ||    28
       Constrict         ||     7
       Tentacles         ||     2
Throw: Stone             ||    26
Invok: Depart the Abyss  ||     1
Armor: Skin              ||     2
Dodge: Dodged            ||    16

Table legend: (Time is in decaauts)
 A = Elapsed time spent in this place.
 B = Non-inter-level travel time spent in this place.
 C = Inter-level travel time spent in this place.
 D = Time resting spent in this place.
 E = Time spent auto-exploring this place.
 F = Levels seen in this place.
 G = Mean time per level.
                   A        B        C        D        E       F      G
               +--------+--------+--------+--------+--------+-----+--------+
         Total |    444 |    430 |     14 |      0 |    163 |   2 |  222.0 |
       Dungeon |    284 |    270 |     14 |      0 |    163 |   1 |  284.0 |
         Abyss |    160 |    160 |      0 |      0 |      0 |   1 |  160.0 |
               +--------+--------+--------+--------+--------+-----+--------+

Top non-repeatable levels by time:
     D:1: 284 daAuts
 Abyss:1: 160 daAuts
